 Dungeon Crawl Stone Soup version 0.19-a0-664-g51fd293 (webtiles) character file.

2058 LORDOFBUTT the Covert (level 9, 56/58 HPs)
             Began as a Halfling Assassin on June 16, 2016.
             Quit the game on level 7 of the Dungeon.
             The game lasted 00:15:04 (8418 turns).

LORDOFBUTT the Covert (Halfling Assassin)           Turns: 8418, Time: 00:15:04

Health: 56/58      AC: 13    Str: 11    XL:     9   Next: 49%
Magic:  12/12      EV: 22    Int: 10    God:
Gold:   433        SH:  0    Dex: 19    Spells: 0 memorised, 8 levels left

rFire  . . .     SeeInvis .     j - +1 dagger (speed)
rCold  . . .     Gourm    .     z - +2 robe {MR+}
rNeg   . . .     Faith    .     (shield restricted)
rPois  .         Spirit   .     g - +2 helmet
rElec  .         Dismiss  .     d - +2 cloak
rCorr  .         Reflect  .     x - +2 pair of gloves
SustAt .         Harm     .     (no boots)
MR     +....                    (no amulet)
Stlth  ++++++....               v - +1 ring of evasion
                                i - ring of stealth

@: somewhat resistant to hostile enchantments, very stealthy
A: mutation resistance 1
a: no special abilities


You were on level 7 of the Dungeon.
You were not hungry.

You visited 1 branch of the dungeon, and saw 7 of its levels.

You collected 433 gold pieces.

Inventory:

Hand Weapons
 b - a +0 blowgun
 j - a +1 dagger of speed (weapon)
 F - a +0 rapier
Missiles
 e - 54 poisoned needles
 f - 2 curare-tipped needles
Armour
 d - a +2 cloak (worn)
 g - a +2 helmet (worn)
 x - a +2 pair of gloves (worn)
 z - a +2 robe of magic resistance (worn)
Jewellery
 h - an uncursed ring of magical power
 i - a ring of stealth (left hand)
 m - an uncursed ring of resist corrosion
 v - a +1 ring of evasion (right hand)
 y - an uncursed ring of see invisible
Wands
 u - a wand of acid (7/15)
 E - a wand of random effects (23/48)
 K - a wand of flame (30/48)
Scrolls
 a - a scroll of enchant weapon {unknown}
 c - a scroll of identify
 k - 3 scrolls of remove curse
 p - a scroll of amnesia
 s - 2 scrolls of fog
 w - a scroll of fear
 A - a scroll of random uselessness
 G - a scroll of recharging
Potions
 l - 2 potions of curing {unknown}
 n - a potion of berserk rage {unknown}
 o - a potion of might {unknown}
 q - a potion of ambrosia
 t - 2 potions of lignification
 D - a potion of resistance {unknown}
 H - 2 potions of brilliance {unknown}
 I - a potion of agility {unknown}
 J - 2 potions of heal wounds
Books
 C - a book of Ice

   Spells                             Type                      Level
   a - Ice Form                       Ice/Transmutation            4
   b - Metabolic Englaciation         Hexes/Ice                    5
   c - Ozocubu's Refrigeration        Ice                          6
   d - Bolt of Cold                   Conjuration/Ice              6
   e - Freezing Cloud                 Conjuration/Ice/Air          6
   f - Simulacrum                     Ice/Necromancy               6
Comestibles
 r - 2 bread rations
 B - a meat ration


   Skills:
 + Level 4.0 Fighting
 + Level 6.1 Short Blades
 + Level 3.0 Throwing
 + Level 7.3 Dodging
 + Level 8.1 Stealth
 * Level 4.8 Evocations


You had 8 spell levels left.
You didn't know any spells.

Dungeon Overview and Level Annotations

Branches:
Dungeon (7/15)             Temple (0/1) D:6

Altars:
Ashenzari
Dithmenos
Hepliaklqana
Kikubaaqudgha
Nemelex Xobeh
Pakellas
Qazlal
Ru
Vehumet
Yredelemnul
Zin
The Shining One

Shops:
D:7 :


Innate Abilities, Weirdness & Mutations

You are small and have problems with some larger weapons.
You are somewhat resistant to further mutation.


Message History

A warg is nearby!
No reachable target in view!
No reachable target in view!
A warg is nearby!
No reachable target in view!
No reachable target in view!
A warg is nearby!
A warg comes into view.
The warg howls!
You hit the warg but do no damage.
You hear a howl! x3
The warg bites you.
A warg comes into view.
You closely miss the warg.
The warg howls!
You hit the warg but do no damage. The warg barely misses you.
A warg comes into view.
You hit the warg but do no damage. The warg closely misses you.
Search for what [Enter for "altar", or ? for help]?
Are you sure you want to abandon this character and quit the game? (Confirm with "yes".)

#.≈≈≈..P.# #.≈≈≈....#
#o###≈≈....#
#############.o.#≈≈P...#
............#oo.#≈≈....#
≈≈≈≈≈≈≈≈hh≈≈#####≈≈....#
≈≈≈≈≈≈≈≈≈≈≈≈≈≈≈≈≈≈≈....#
≈≈≈≈≈≈≈≈≈≈≈≈≈≈≈≈≈≈≈....#
.hh.P.h@..........P....#
......P................#
########################


You could see 5 wargs.

Vanquished Creatures
  A centaur skeleton (D:7)
  A warg (D:7)
  Edmund (D:5)
  A centaur (D:7)
  3 ogres
  2 giant frogs (D:6)
  3 scorpions
  4 killer bees
  3 wights (D:6)
  A crimson imp (D:7)
  A hound (D:4)
  A giant frog skeleton (D:4)
  An iguana (D:6)
  Terence (D:3)
  Natasha (thrice) (D:4)
  An orc wizard (D:7)
  4 worker ants
  6 adders
  12 gnolls
  A shadow imp (D:5)
  An ooze (D:4)
  An adder zombie (D:5)
  3 worms
  A dart slug (D:2)
  5 giant geckos
  6 orcs
  8 giant cockroaches
  8 goblins
  8 hobgoblins
  6 jackals
  5 quokkas
  3 ball pythons
  6 bats
  7 giant newts
  4 kobolds
  5 rats
128 creatures vanquished.

Notes
Turn   | Place    | Note
--------------------------------------------------------------
     0 | D:1      | LORDOFBUTT the Halfling Assassin began the quest for the Orb.
     0 | D:1      | Reached XP level 1. HP: 14/14 MP: 1/1
    92 | D:1      | You fall through a shaft!
   195 | D:2      | Reached XP level 2. HP: 19/19 MP: 2/2
   650 | D:1      | Reached skill level 5 in Stealth
   836 | D:1      | Reached XP level 3. HP: 24/24 MP: 3/3
  1649 | D:2      | Reached XP level 4. HP: 29/29 MP: 4/4
  2070 | D:3      | Found a sparkling altar of Nemelex Xobeh.
  2128 | D:3      | Noticed Terence
  2172 | D:3      | Killed Terence
  2226 | D:3      | Reached XP level 5. HP: 34/34 MP: 5/5
  2568 | D:3      | Reached skill level 1 in Evocations
  2581 | D:3      | Reached skill level 6 in Stealth
  2682 | D:3      | Found a stormy altar of Qazlal.
  3200 | D:3      | Found a shadowy altar of Dithmenos.
  3771 | D:4      | Found a shattered altar of Ashenzari.
  3809 | D:4      | Reached XP level 6. HP: 39/39 MP: 7/7
  4076 | D:4      | Noticed an ogre
  4112 | D:4      | Killed an ogre
  4188 | D:4      | Found a radiant altar of Vehumet.
  4264 | D:4      | Noticed Natasha
  4304 | D:4      | Killed Natasha
  4304 | D:4      | Reached XP level 7. HP: 6/45 MP: 8/8
  4462 | D:4      | Found a sparkling altar of Nemelex Xobeh.
  4600 | D:4      | Noticed Natasha
  4612 | D:4      | Killed Natasha
  4661 | D:4      | Noticed Natasha
  4688 | D:4      | Killed Natasha
  4740 | D:4      | Found a hazy altar of Hepliaklqana.
  4793 | D:5      | Entered Level 5 of the Dungeon
  4880 | D:5      | Reached skill level 7 in Stealth
  5116 | D:5      | Found a basalt altar of Yredelemnul.
  5220 | D:5      | Noticed Edmund
  5300 | D:5      | Killed Edmund
  5300 | D:5      | Reached XP level 8. HP: 12/51 MP: 10/10
  5535 | D:5      | Found a sacrificial altar of Ru.
  5568 | D:5      | Found an oddly glowing altar of Pakellas.
  5709 | D:5      | Found a glowing silver altar of Zin.
  5709 | D:5      | Noticed an angel
  5804 | D:6      | Reached skill level 5 in Dodging
  5825 | D:6      | Found an ancient bone altar of Kikubaaqudgha.
  6210 | D:6      | Found a glowing golden altar of the Shining One.
  6502 | D:6      | Reached skill level 5 in Short Blades
  7008 | D:6      | Found a staircase to the Ecumenical Temple.
  7566 | D:6      | Reached XP level 9. HP: 28/57 MP: 11/11
  7680 | D:7      | Reached skill level 8 in Stealth
  8128 | D:7      | Found Fulotuat's Book Boutique.
  8407 | D:7      | Noticed an orc knight
  8418 | D:7      | Quit the game

Vault maps used:
D:1:      lemuel_arrival_room
D:3:      nicolae_overflow_hidden_temple, nicolae_overflow_crystal_walls,
          lemuel_coloured_pillars_altar, uniq_terence
D:4:      wad_woods_tower, lemuel_doored_altar, kennysheep_little_box,
          ashenzari_conservatory_becter, st_stairs_13,
          nemelex_dance_club_becter, uniq_natasha
D:5:      overflow_temple_1_default, nicolae_ru_great_annihilating_truth,
          zin_angel, lemuel_round_altar, first_bread, uniq_edmund
D:6:      kiku_gazebo_garden_becter, kennysheep_mini_moat,
          minmay_temple_entry_from_below_a, minmay_misc_feat_chi,
          kennysheep_cross_room
D:7:      lemuel_castle_with_subvaults, serial_shops, shop

Skill      XL: |  1  2  3  4  5  6  7  8  9 |
---------------+----------------------------+-----
Short Blades   | 3 4 5 6 |  6.1
Stealth        | 5 6 7 8 |  8.1
Fighting       | 2 3 4 |  4.0
Dodging        | 2 3 4 6 7 |  7.3
Evocations     | 1 2 3 4 |  4.8
Throwing       | 3 |  3.0

Action                   |  1- 3 |  4- 6 |  7- 9 || total
-------------------------+-------+-------+-------++-------
Melee: Dagger            |    64 |   237 |   572 ||   873
       Rapier            |       |       |    29 ||    29
 Fire: Blowgun           |     5 |    10 |     5 ||    20
Evoke: Wand              |       |       |     3 ||     3
  Use: Scroll            |     5 |     2 |    11 ||    18
       Potion            |       |       |     5 ||     5
 Stab: Sleeping          |    20 |    11 |    13 ||    44
       Distracted        |       |     1 |     4 ||     5
       Paralysed         |       |       |     1 ||     1
  Eat: Bread ration      |     1 |     2 |       ||     3
       Beef jerky        |       |       |     2 ||     2
       Meat ration       |       |       |     2 ||     2
Armor: Robe              |     3 |    34 |    81 ||   118
       Skin              |       |       |    17 ||    17
Dodge: Dodged            |    19 |   132 |   257 ||   408
